 Dungeon Crawl Stone Soup version 0.27.1-33-g824d729ab1 (webtiles) character file.

Game seed: 1207343656439978932

111883 hilljack the Destroyer (level 16, 0/77 HPs)
             Began as a Deep Elf Ice Elementalist on Nov 25, 2021.
             Was a High Priest of Hepliaklqana.
             Slain by a white very ugly thing (14 damage)
             ... on level 14 of the Dungeon.
             The game lasted 02:17:20 (37234 turns).

hilljack the Destroyer (Deep Elf Ice Elementalist) Turns: 37234, Time: 02:17:21

Health: 0/77       AC: 13    Str:  7    XL:     16   Next: 10%
Magic:  3/33       EV: 16    Int: 26    God:    Hepliaklqana [*****.]
Gold:   2202       SH:  6    Dex: 15    Spells: 13/37 levels left

rFire    . . .     SeeInvis +   n - staff of cold
rCold    + + .     Faith    .   Q - +1 buckler
rNeg     . . .     Spirit   .   w - +2 leather armour {rC+}
rPois    .         Reflect  .   m - +0 helmet
rElec    .         Harm     .   q - scarf {repulsion}
rCorr    .         Rampage  .   P - +2 pair of gloves
Will     +....                  (no boots)
Stlth    +++.......             d - amulet of magic regeneration
HPRegen  0.22/turn              j - ring of see invisible
MPRegen  0.48/turn              l - +4 ring of protection

@: marked, freezing walls, studying Shields, repel missiles
A: reduced essence
a: Renounce Religion, Recall Ancestor, Ancestor Identity, Transference, Idealise


You were on level 14 of the Dungeon.
You worshipped Hepliaklqana.
Hepliaklqana was extremely pleased with you.
You visited 4 branches of the dungeon, and saw 24 of its levels.
You also visited: Ice Cave.

You collected 2344 gold pieces.
You spent 142 gold pieces at shops.

Inventory:

Armour
 m - a +0 helmet (worn)
 q - a scarf of repulsion (worn)
 w - a +2 leather armour of cold resistance (worn)
 J - a +2 robe of fire resistance
 P - a +2 pair of gloves (worn)
 Q - a +1 buckler (worn)
Magical Staves
 k - a staff of conjuration
 n - a staff of cold (weapon)
Jewellery
 d - an amulet of magic regeneration (around neck)
 j - a ring of see invisible (left hand)
 l - a +4 ring of protection (right hand)
 p - a ring of ice
 F - a ring of poison resistance
 T - a ring of protection from fire
 U - a ring of magical power
Wands
 u - a wand of iceblast (42)
 D - a wand of paralysis (17)
 E - a wand of acid (10)
 G - a wand of digging (8)
 R - a wand of mindburst (5)
Scrolls
 b - 5 scrolls of magic mapping
 c - 2 scrolls of vulnerability
 v - 2 scrolls of immolation
 A - 4 scrolls of fog
 C - 6 scrolls of teleportation
 K - 2 scrolls of torment
 L - 3 scrolls of identify
 M - 4 scrolls of amnesia
 X - a scroll of summoning
 Z - a scroll of holy word
Potions
 a - 3 potions of cancellation
 e - 2 potions of resistance
 f - 2 potions of attraction
 h - 7 potions of might
 i - 7 potions of heal wounds
 r - 4 potions of magic
 t - 4 potions of haste
 x - 5 potions of curing
 z - 4 potions of brilliance
 B - 9 potions of ambrosia
 H - a potion of flight
 I - a potion of invisibility
 V - a potion of mutation
 W - a potion of berserk rage
Miscellaneous
 N - a phial of floods
 O - a lightning rod (4/4)
 S - a box of beasts


   Skills:
 - Level 4.9 Fighting
 - Level 5.8 Staves
 - Level 2.0 Armour
 - Level 10.7 Dodging
 - Level 5.1 Stealth
 - Level 5.0 Shields
 - Level 11.3 Spellcasting
 + Level 12.8 Conjurations
 - Level 10.5 Summonings
 + Level 11.6 Ice Magic
 + Level 12.5 Air Magic
 - Level 11.0 Invocations
 - Level 6.4 Evocations


You had 13 spell levels left.
You knew the following spells:

 Your Spells              Type           Power      Damage    Failure   Level
a - Freezing Cloud        Conj/Ice/Air   43%        6-21      1%          5
b - Frozen Ramparts       Ice            100%       1d12      1%          3
c - Airstrike             Air            34%        N/A       1%          4
d - Freeze                Ice            100%       1d11      1%          1
e - Summon Ice Beast      Ice/Summ       83%        N/A       1%          4
f - Ozocubu's Armour      Ice            85%        N/A       1%          3
g - Hailstorm             Conj/Ice       87%        3d17      1%          4

Your spell library contained the following spells:

 Spells                   Type           Power      Damage    Failure   Level
 Foxfire                  Conj/Fire      100%       2x1d9     1%          1
 Shock                    Conj/Air       100%       1d9       1%          1
 Summon Small Mammal      Summ           100%       N/A       1%          1
 Conjure Flame            Conj/Fire      48%        6-21      1%          3
 Summon Guardian Golem    Hex/Summ       42%        N/A       1%          3
 Swiftness                Air            68%        N/A       1%          3
 Iskenderun's Battlesphe  Conj           69%        2d12      1%          5
 Conjure Ball Lightning   Conj/Air       34%        3x3d11    4%          6
 Animate Skeleton         Necr           28%        N/A       6%          1
 Apportation              Tloc           28%        N/A       6%          1
 Corona                   Hex            15%        N/A       6%          1
 Slow                     Hex            14%        N/A       9%          2
 Fireball                 Conj/Fire      24%        3d11      12%         5
 Confusing Touch          Hex            14%        N/A       17%         3
 Inner Flame              Hex/Fire       14%        N/A       17%         3
 Vampiric Draining        Necr           7%         2d7       17%         3
 Summon Mana Viper        Hex/Summ       42%        N/A       19%         5
 Orb of Destruction       Conj           34%        9d12      26%         7
 Spellforged Servitor     Conj/Summ      33%        N/A       38%         7
 Monstrous Menagerie      Summ           31%        N/A       54%         7
 Simulacrum               Ice/Necr       30%        N/A       63%         6
 Polar Vortex             Ice            42%        N/A       100%        9


Dungeon Overview and Level Annotations

Branches:
Dungeon (15/15)            Temple (1/1) D:6            Lair (6/6) D:9
  Swamp (0/4) Lair:3        Snake (0/4) Lair:2        Slime (0/5) Lair:6
    Orc (2/2) D:9             Elf (0/3) Orc:2        Vaults (0/5) D:13
  IceCv (visited)
 Depths: D:15

Altars:
Ashenzari
Cheibriados
Dithmenos
Elyvilon
Fedhas
Gozag
Hepliaklqana
Kikubaaqudgha
Makhleb
Nemelex Xobeh
Okawaru
Qazlal
Ru
Sif Muna
Trog
Uskayaw
Vehumet
Wu Jian
Xom
Yredelemnul
Zin
The Shining One
Beogh

Shops:
Orc:2 *[([

Portals:
Trove: D:11 (give +4 storm dragon scales)

Annotations:
D:8 3 runed translucent doors, Baconl0rd's ghost, novice MiFi
D:10 2 runed translucent doors
D:14 2 transporters, Cofimnas's ghost, journeyman FoFi
Lair:5 3 runed translucent doors, Feinoh's ghost, journeyman OpFi


Message History

There is an escape hatch in the ceiling here.
The white very ugly thing bites you. The white very ugly thing freezes you!
You resist. A mysterious force pulls you upwards.
The hatch slams shut behind you.
Level annotation: 2 transporters, Cofimnas's ghost, journeyman FoFi
Casting: Airstrike (safe; 1% risk of failure)
Confirm with . or Enter, or press ? or * to list all spells.
Casting: Frozen Ramparts (safe; 1% risk of failure)
Press: ? - help, Dir - look around, f - activate You feel a surge of power!
The walls around you are covered in ice.
The white very ugly thing resists.
The wall freezes the white very ugly thing.
The white very ugly thing closely misses you.
The air twists around and strikes the white very ugly thing!
The white very ugly thing is almost dead.
The white very ugly thing resists.
The wall freezes the white very ugly thing.
The white very ugly thing bites you but does no damage.
You don't have enough magic to cast this spell.
You hit the white very ugly thing but do no damage.
You freeze the white very ugly thing.
The white very ugly thing is almost dead.
The white very ugly thing resists.
The wall freezes the white very ugly thing.
The white very ugly thing bites you! The white very ugly thing freezes you!
You resist.
You hit the white very ugly thing but do no damage.
The white very ugly thing is almost dead.
The white very ugly thing resists.
The wall freezes the white very ugly thing.
The white very ugly thing closely misses you.
You hit the white very ugly thing but do no damage.
The white very ugly thing is almost dead.
The white very ugly thing completely resists.
The wall freezes the white very ugly thing but does no damage.
The white very ugly thing bites you!!
* * * LOW HITPOINT WARNING * * *
The white very ugly thing freezes you! You resist.
You die...

.......##########................
####.(.# #.############... #...#
#.# #... ####...# #.# #...
.......##########.############...
.................................
.................................
################.###############.
#@# ###.....
################u#########...####
...........................###yO.
..........................##..C..
............#########.##..##..O.#
............# #..#.######.#
............# ##...#.# .W(
.........>..# #..©#O..#._.
............# ##..#......§


You could see a white very ugly thing.

Vanquished Creatures
  An orc warlord (Orc:2)
  A great orb of eyes (D:15)
  2 ogre magi (D:15)
  Harold (Lair:1)
  7 hydras
  2 centaur warriors (D:14)
  8 two-headed ogres
  A catoblepas (Lair:6)
  A tengu warrior (D:15)
  An alligator (Lair:4)
  6 death yaks
  2 orc high priests
  Nergalle (D:12)
  3 sea snakes (Lair:6)
  8 skeletal warriors
  An orc knight (D:15)
  A bog body (IceCv)
  11 ugly things
  2 necromancers
  3 deep elf pyromancers
  A wolf spider (D:15)
  A harpy (shapeshifter) (D:13)
  An orc sorcerer (Orc:2)
  2 cyclopes
  8 elephants
  2 black mambas
  A gargoyle (D:5)
  12 cane toads
  A kobold demonologist (D:12)
  A komodo dragon (shapeshifter) (D:15)
  2 efreet
  8 komodo dragons
  5 rime drakes
  An unseen horror (D:12)
  An entropy weaver simulacrum (IceCv)
  An ice devil (IceCv)
  3 anaconda simulacra (IceCv)
  2 polar bears (Lair:6)
  A queen bee (Lair:1)
  10 trolls
  A hornet (D:9)
  6 blink frogs
  3 dream sheep (Lair:6)
  A slime creature (D:12)
  2 wind drakes (Lair:6)
  Prince Ribbit (D:8)
  A spriggan (Lair:4)
  3 wyverns
  30 yaks
  2 wraiths
  3 steam dragons
  6 vampire mosquitoes
  A swamp worm (Lair:4)
  2 wargs
  12 water moccasins
  A naga (Lair:2)
  23 orc warriors
  2 swamp drakes (Lair:4)
  4 ogres
  2 centaurs
  10 wolves
  5 bullfrogs
  A kobold brigand (D:7)
  A two-headed ogre simulacrum (IceCv)
  A scorpion (D:5)
  5 wights (D:8)
  A killer bee (shapeshifter) (D:15)
  21 killer bees (Lair:1)
  2 howler monkeys (D:13)
  An electric eel (D:13)
  A centaur zombie (D:8)
  3 jellies
  A bullfrog zombie (D:5)
  A hound (D:6)
  19 orc priests
  2 hell rats (Lair:6)
  6 iguanas
  19 orc wizards
  A polar bear simulacrum (IceCv)
  A wolf simulacrum (IceCv)
  A howler monkey zombie (D:6)
  5 gnolls
  A naga simulacrum (IceCv)
  4 adders
  8 river rats (Lair:6)
  An ufetubus (IceCv)
  A worm (D:3)
  5 dart slugs
  75 orcs
  6 endoplasms
  11 giant cockroaches
  4 goblins
  12 hobgoblins
  14 kobolds
  5 quokkas
  5 ball pythons
  6 bats
  4 frilled lizards
  2 rats
505 creatures vanquished.

Vanquished Creatures (collateral kills)
  A boulder beetle (D:14)
  7 hydras
  A merfolk avatar (Lair:6)
  2 catoblepae
  Erica (Lair:2)
  2 two-headed ogres
  10 death yaks
  2 skeletal warriors
  2 swamp dragons (Lair:4)
  An orc knight (Orc:1)
  A deep elf pyromancer (D:13)
  8 ugly things
  2 orc sorcerers
  A manticore (Lair:6)
  4 elephants
  A black mamba (Lair:6)
  2 ice statues (IceCv)
  6 cane toads
  5 komodo dragons
  An efreet (D:14)
  2 rime drakes
  An entropy weaver simulacrum (IceCv)
  An anaconda simulacrum (IceCv)
  4 ice devils (IceCv)
  A freezing wraith (D:14)
  6 trolls
  A wind drake (Lair:6)
  3 dream sheep (Lair:6)
  2 polar bears
  A blink frog (Lair:6)
  3 slime creatures (D:12)
  A meliai zombie (D:11)
  A shadow (D:10)
  A wyvern (Lair:4)
  2 dire elephant simulacra (IceCv)
  19 yaks
  A wraith (D:11)
  A basilisk (Lair:6)
  A vampire mosquito (Lair:4)
  A death yak simulacrum (IceCv)
  Menkaure (D:5)
  2 wargs (Orc:2)
  2 harpy simulacra (IceCv)
  A swamp worm (Lair:4)
  3 nagas (Lair:2)
  6 water moccasins
  2 acid dragons (D:9)
  An ice beast (D:8)
  7 orc warriors
  5 ogres
  2 wolves
  A necrophage (D:6)
  2 centaurs
  A phantom (D:4)
  A kobold brigand (D:8)
  4 bullfrogs
  2 scorpions (D:5)
  4 water moccasin skeletons (D:5)
  4 killer bees (Lair:1)
  2 electric eels (D:11)
  A bullfrog zombie (D:6)
  2 centaur zombies
  A bullfrog skeleton (D:6)
  4 orc priests
  2 iguanas (Lair:3)
  A jelly (Lair:6)
  2 centaur skeletons
  A gnoll shaman (D:9)
  7 orc wizards
  A hell rat (D:9)
  2 gnolls (D:9)
  A howler monkey skeleton (D:7)
  An adder (D:3)
  A shadow imp (D:6)
  A white imp (D:6)
  19 orcs
  2 endoplasms
  2 giant cockroaches (D:3)
  A goblin (D:3)
  3 hobgoblins (D:3)
  A quokka (D:3)
  A kobold (D:7)
  A rat (Lair:6)
224 creatures vanquished.

Vanquished Creatures (others)
  12 knights
  A bush (Lair:6)
  36 fungi
  58 plants
107 creatures vanquished.

Grand Total: 836 creatures vanquished

Notes
Turn   | Place    | Note
-------+----------+-------------------------------------------
     0 | D:1      | hilljack the Deep Elf Ice Elementalist began the quest for
                  | the Orb.
     0 | D:1      | Reached XP level 1. HP: 10/10 MP: 6/6
   247 | D:1      | Reached XP level 2. HP: 11/15 MP: 2/8
   938 | D:1      | Found a faded altar of an unknown god.
  1434 | D:1      | Reached XP level 3. HP: 17/19 MP: 8/10
  1482 | D:1      | Learned a level 3 spell: Frozen Ramparts
  1653 | D:2      | Learned a level 3 spell: Ozocubu's Armour
  1701 | D:2      | Found a hazy altar of Hepliaklqana.
  1710 | D:2      | Became a worshipper of Hepliaklqana the Forgotten
  2373 | D:2      | Reached XP level 4. HP: 19/24 MP: 3/11
  2375 | D:2      | Reached skill level 1 in Invocations
  2911 | D:2      | Reached * piety under Hepliaklqana
  3262 | D:3      | Reached skill level 5 in Ice Magic
  3682 | D:3      | Reached XP level 5. HP: 25/25 MP: 9/13
  3725 | D:3      | Learned a level 4 spell: Hailstorm
  4041 | D:3      | Found a shadowy altar of Dithmenos.
  4044 | D:3      | Found a sparkling altar of Nemelex Xobeh.
  4047 | D:3      | Found a radiant altar of Vehumet.
  4050 | D:3      | Found an iron altar of Okawaru.
  5165 | D:4      | Noticed a phantom
  5188 | D:4      | Killed a phantom
  5189 | D:4      | Reached XP level 6. HP: 4/28 MP: 0/15
  5558 | D:4      | Reached ** piety under Hepliaklqana
  5559 | D:4      | Remembered your ancestor Dunstan as a knight
  5861 | D:5      | Entered Level 5 of the Dungeon
  5870 | D:5      | Reached skill level 5 in Spellcasting
  6143 | D:5      | Reached XP level 7. HP: 15/32 MP: 16/16
  6323 | D:5      | Reached skill level 5 in Stealth
  6362 | D:5      | Found an ornate altar of the Wu Jian Council.
  6374 | D:5      | Noticed Menkaure
  6379 | D:5      | Killed Menkaure
  6380 | D:5      | Reached skill level 5 in Dodging
  6763 | D:5      | Reached XP level 8. HP: 36/36 MP: 15/19
  7207 | D:5      | Noticed a gargoyle
  7212 | D:5      | Killed a gargoyle
  7213 | D:5      | Reached skill level 5 in Invocations
  8133 | D:6      | Learned a level 4 spell: Summon Ice Beast
  8170 | D:6      | Found a hazy altar of Hepliaklqana.
  8366 | D:6      | Found a staircase to the Ecumenical Temple.
  8393 | Temple   | Entered the Ecumenical Temple
  8638 | D:6      | Reached XP level 9. HP: 40/40 MP: 19/23
  8656 | D:6      | Reached skill level 1 in Summonings
  8668 | D:6      | Found a bloodstained altar of Trog.
  8690 | D:6      | Reached skill level 1 in Conjurations
  9535 | D:7      | Found a shimmering blue altar of Sif Muna.
  9868 | D:7      | Reached *** piety under Hepliaklqana
 10560 | D:8      | Noticed Prince Ribbit
 10579 | D:8      | Killed Prince Ribbit
 10604 | D:8      | Found a runed translucent gate.
 10604 | D:8      | Noticed Baconl0rd's ghost (novice MiFi)
 10731 | D:8      | Found a runed translucent gate.
 10731 | D:8      | Noticed a kobold demonologist
 10732 | D:8      | Found a runed translucent gate.
 10850 | D:8      | Found a sacrificial altar of Ru.
 11181 | D:9      | Noticed a death yak
 11243 | D:10     | Entered Level 10 of the Dungeon
 11263 | D:9      | Noticed a death yak
 11269 | D:9      | Noticed a death yak
 11453 | D:9      | Found a shimmering altar of Xom.
 11461 | D:9      | Found a staircase to the Lair.
 11484 | Lair:1   | Entered Level 1 of the Lair of Beasts
 11596 | Lair:1   | Reached XP level 10. HP: 35/45 MP: 9/25
 11799 | Lair:1   | Noticed a cane toad
 11804 | Lair:1   | Killed a cane toad
 11900 | Lair:1   | Noticed a cane toad
 11901 | Lair:1   | Reached **** piety under Hepliaklqana
 11909 | Lair:1   | Killed a cane toad
 11983 | Lair:1   | Noticed Harold
 12000 | Lair:1   | Killed Harold
 12056 | Lair:1   | Noticed a cane toad
 12062 | Lair:1   | Killed a cane toad
 12109 | Lair:1   | Reached skill level 10 in Spellcasting
 12254 | Lair:1   | Reached skill level 5 in Summonings
 12469 | Lair:1   | Reached skill level 5 in Conjurations
 12500 | Lair:1   | Reached XP level 11. HP: 48/48 MP: 19/27
 12789 | Lair:2   | Noticed a four-headed hydra
 12807 | Lair:2   | Killed a four-headed hydra
 13014 | Lair:2   | Found a staircase to the Snake Pit.
 13202 | Lair:2   | Reached skill level 10 in Dodging
 13224 | Lair:2   | Reached skill level 10 in Ice Magic
 13383 | Lair:2   | Noticed Erica
 13397 | Lair:2   | Killed Erica
 13871 | Lair:3   | Noticed a six-headed hydra
 13920 | Lair:3   | Noticed a death yak
 13920 | Lair:3   | Noticed a death yak
 13920 | Lair:3   | Noticed a death yak
 13928 | Lair:2   | HP: 2/48 [wolf (6)]
 14564 | D:9      | Found a staircase to the Orcish Mines.
 14579 | Orc:1    | Entered Level 1 of the Orcish Mines
 14778 | Orc:1    | Noticed an orc high priest
 14820 | Orc:1    | Noticed a sun demon
 15181 | D:9      | Killed a death yak
 15182 | D:9      | Reached skill level 10 in Invocations
 15182 | D:9      | Reached XP level 12. HP: 53/53 MP: 21/28
 15480 | D:9      | Killed a death yak
 15494 | D:9      | Killed a death yak
 16002 | Lair:2   | Killed a six-headed hydra
 16334 | Lair:2   | Killed a death yak
 16477 | Lair:2   | Killed a death yak
 16478 | Lair:2   | Reached skill level 10 in Conjurations
 16478 | Lair:2   | Reached skill level 10 in Summonings
 16958 | Lair:3   | Killed a death yak
 17191 | Lair:3   | Found a staircase to the Swamp.
 17289 | Lair:4   | Noticed a catoblepas
 17311 | Lair:4   | Killed a catoblepas
 17528 | Lair:4   | Noticed a four-headed hydra
 17538 | Lair:4   | Killed a four-headed hydra
 17539 | Lair:4   | Reached skill level 1 in Fighting
 17539 | Lair:4   | Reached skill level 1 in Staves
 17539 | Lair:4   | Reached skill level 1 in Evocations
 17909 | Lair:4   | Reached XP level 13. HP: 58/58 MP: 16/29
 19226 | Lair:4   | Reached skill level 5 in Evocations
 19578 | Lair:4   | Learned a level 4 spell: Airstrike
 19622 | Lair:5   | Reached skill level 1 in Air Magic
 19729 | Lair:5   | Found a broken altar of Ashenzari.
 20204 | Lair:5   | Reached ***** piety under Hepliaklqana
 20417 | Lair:5   | Found a runed translucent gate.
 20418 | Lair:5   | Found a runed translucent gate.
 20419 | Lair:5   | Found a runed translucent gate.
 20421 | Lair:5   | Noticed Feinoh's ghost (journeyman OpFi)
 20770 | Lair:6   | Entered Level 6 of the Lair of Beasts
 20863 | Lair:6   | Reached skill level 5 in Air Magic
 21973 | Lair:6   | Reached XP level 14. HP: 62/67 MP: 17/30
 22889 | Lair:6   | Found a staircase to the Slime Pits.
 22929 | Lair:6   | Reached skill level 10 in Air Magic
 23132 | Lair:6   | Found a shimmering blue altar of Sif Muna.
 23676 | Lair:6   | Reached skill level 1 in Shields
 24742 | Lair:5   | Reached skill level 5 in Shields
 25662 | Orc:2    | Entered Level 2 of the Orcish Mines
 25688 | Orc:2    | Found a staircase to the Elven Halls.
 26123 | Orc:2    | Found Wyajuo's Antique Armour Shoppe.
 26226 | Orc:2    | Reached skill level 5 in Staves
 26226 | Orc:2    | Reached skill level 1 in Armour
 26907 | Orc:2    | Found Wiror's General Store.
 27566 | Orc:2    | Noticed an orc warlord
 27571 | Orc:2    | Killed an orc warlord
 27962 | Orc:2    | Found Luuce's Antique Armour Shoppe.
 27966 | Orc:2    | Found Gyozxeq's Antique Weapon Emporium.
 27978 | Orc:2    | Bought a bloodstained robe for 142 gold pieces
 27978 | Orc:2    | Identified the +2 robe of a wizard's laboratory {rC+} (You
                  | bought it in a shop on level 2 of the Orcish Mines)
 28570 | D:10     | Found a runed translucent door.
 28572 | D:10     | Found the +2 shield of Resistance {rF++ rC++ Will++}
 28579 | D:10     | Found a runed translucent door.
 29437 | D:11     | Found a portal to a secret trove of treasure.
 30259 | D:12     | Reached XP level 15. HP: 72/72 MP: 25/31
 30856 | D:12     | Noticed Nergalle
 30863 | D:12     | Killed Nergalle
 31319 | D:13     | Found a frozen archway.
 31517 | IceCv    | Entered an ice cave
 33160 | D:13     | Learned a level 5 spell: Freezing Cloud
 33171 | D:13     | Found a stormy altar of Qazlal.
 33616 | D:13     | Found a gate to the Vaults.
 34966 | D:14     | Found a transporter.
 34977 | D:14     | Found a bloodstained altar of Trog.
 35235 | D:14     | Noticed Cofimnas's ghost (journeyman FoFi)
 35245 | D:14     | Found a transporter.
 35453 | D:14     | Found a glowing golden altar of the Shining One.
 35590 | D:14     | You fall into a shaft and drop 1 floor!
 35590 | D:15     | Entered Level 15 of the Dungeon
 36656 | D:15     | Reached XP level 16. HP: 53/77 MP: 4/33
 36906 | D:15     | Identified a scroll of acquirement
 36906 | D:15     | Acquired a scarf of repulsion
 37234 | D:14     | Slain by a white very ugly thing

Illustrated notes

Levels and vault maps discovered:
D:1:      ncdulo_halloftheorcs, layout_loops_ring,
          hellmonk_ecumenical_altar_heavens_door, hangedman_feature_mirror,
          bh_walls_and_bars
D:2:      minmay_roachtagon, layout_basic, basic_altar
D:3:      layout_loops_ring, grunt_temple_overflow_cloverleaf
D:4:      layout_basic
D:5:      layout_loops_corners, mainiacjoe_overflow_chevrons,
          minmay_small_thing, uniq_menkaure
D:6:      layout_basic, mainiacjoe_overflow_cross_hatched,
          mainiacjoe_overflow_six_doors_small, temple_doors_ab
D:7:      layout_loops_ring, kennysheep_little_box, serial_aquarium,
          aquarium_bridge_straight [aquarium_subvault_bridge,
          aquarium_subvault_wall, aquarium_subvault_bridge,
          aquarium_subvault_wall], aquarium_bridge_square
          [aquarium_subvault_window, aquarium_subvault_bridge,
          aquarium_subvault_balcony, aquarium_subvault_bridge],
          aquarium_window_2, aquarium_window_fake, aquarium_window_corridor_1,
          aquarium_view_2d, aquarium_view_2a
D:8:      layout_rooms, nicolae_ru_sacrificial_ziggurat,
          gammafunk_ghost_nasty_kobolds, kennysheep_nub, minmay_misc_feat_room,
          uniq_prince_ribbit1
D:9:      lemuel_troll_bridge, layout_irregular_city, old_standard_altar,
          dpeg_lair_monsters, orc_0_dummy
D:10:     layout_loops_corners, minmay_guarded_unrand_resistance
D:11:     layout_basic, nicolae_trove_entry_crossroad
D:12:     layout_roguey, uniq_nergalle
D:13:     layout_basic, david_vaults_1, portal_ice_cave_rime, glass_columns_a,
          wad_floor_pattern_untrapped, grunt_qazlal_sundering
D:14:     layout_long_grid, gammafunk_ghost_wrathful_warriors,
          serial_bayou_pond_d, tso_metal_star
D:15:     gammafunk_enter_depths_forms, layout_irregular_city, moated_statue
Temple:   minmay_temple_bridge_abc
Lair:1:   layout_roguey [special_room_bee], uniq_harold
Lair:2:   layout_gridlike, minmay_snake_entry_guardpost_small,
          chequers_serial_rivers_micro_d, uniq_erica
Lair:3:   layout_cave_shapes, minmay_swamp_entry_reptiles
Lair:4:   onia_ninara_swampy_vault, layout_cave_pods, serial_rivers,
          chequers_serial_rivers_micro_b, chequers_serial_rivers_small_a,
          chequers_serial_rivers_micro_e, chequers_serial_rivers_marsh,
          chequers_serial_rivers_small_3, grunt_forest_large_clearing_hut
Lair:5:   layout_regular_city, basic_altar, gammafunk_ghost_split,
          infiniplex_staircase_pool
Lair:6:   gammafunk_lair_ancient_temple, layout_cave_pods,
          nicolae_slime_entry_slimehenge, basic_altar, kennysheep_rathole
Orc:1:    layout_diamond_mine, nicolae_orc_rockfall, mines1_david
Orc:2:    grunt_orc_community_town_hall, layout_caves,
          grunt_orc_community_big_house_2, grunt_orc_community_big_house_1,
          grunt_orc_community_house_3, grunt_orc_community_house_1,
          grunt_orc_community_house_2, grunt_orc_community_house_1,
          grunt_orc_community_house_3, grunt_orc_community_house_3,
          kennysheep_orc_chapel

Skill      XL: |  1  2  3  4  5  6  7  8  9 10 11 12 13 14 15 |
---------------+----------------------------------------------+-----
Stealth        | 3 4 5 |  5.1
Dodging        | 3 4 5 7 8 9 10 | 10.7
Spellcasting   | 4 5 6 8 9 10 11 | 11.3
Invocations    | 1 2 3 4 5 6 8 10 11 | 11.0
Ice Magic      | 5 6 7 8 9 10 11 | 11.6
Summonings     | 3 5 8 10 | 10.5
Conjurations   | 3 5 8 10 12 | 12.8
Fighting       | 1 3 4 |  4.9
Staves         | 1 4 5 |  5.8
Evocations     | 2 5 6 |  6.4
Air Magic      | 8 10 12 | 12.5
Shields        | 5 |  5.0
Armour         | 2 |  2.0

Action                   |  1- 3 |  4- 6 |  7- 9 | 10-12 | 13-15 | 16-18 || total
-------------------------+-------+-------+-------+-------+-------+-------++-------
Melee: Staff             |    30 |   103 |    72 |    35 |   169 |     3 ||   412
Throw: Throwing net      |       |       |       |     2 |     6 |       ||     8
 Cast: Freeze            |    58 |    25 |    45 |    79 |     3 |       ||   210
       Frozen Ramparts   |     3 |    19 |    42 |    54 |    73 |     3 ||   194
       Ozocubu's Armour  |     2 |     1 |       |    34 |    29 |       ||    66
       Summon Ice Beast  |       |       |     2 |    27 |     4 |       ||    33
       Hailstorm         |       |       |       |     8 |   166 |       ||   174
       Airstrike         |       |       |       |       |   336 |    19 ||   355
       Freezing Cloud    |       |       |       |       |    31 |     6 ||    37
Invok: Ancestor Identity |       |     1 |       |       |       |       ||     1
       Ancestor Life: Kn |       |     1 |       |       |       |       ||     1
       Recall Ancestor   |       |       |     1 |     4 |     5 |       ||    10
       Idealise          |       |       |       |     5 |     5 |       ||    10
Evoke: Wand              |       |       |       |       |     9 |       ||     9
  Use: Scroll            |       |       |    14 |     9 |    11 |     1 ||    35
       Potion            |       |       |       |     2 |     4 |       ||     6
 Stab: Sleeping          |     1 |     5 |     1 |       |     1 |       ||     8
Armor: Robe              |    13 |    41 |    36 |    60 |    65 |       ||   215
       Swamp dragon scal |       |       |       |       |    65 |       ||    65
       Skin              |       |       |       |       |    16 |       ||    16
       Leather armour    |       |       |       |       |       |     2 ||     2
Dodge: Dodged            |    53 |    97 |   129 |   138 |   232 |     4 ||   653
Block: Buckler           |       |       |       |       |    59 |     2 ||    61
